 Dungeon Crawl Stone Soup version 0.30.1-11-g7821555f0a (webtiles) character file.

Game seed: 15552960588550168659

665529 Kallu the Conqueror (level 27, -6/221 (273) HPs)
             Began as a Hill Orc Fighter on Dec 27, 2023.
             Was a Follower of Uskayaw.
             Killed from afar by an elemental wellspring (10 damage)
             ... with a torrent of water
             ... while petrified by a nargun
             ... on level 4 of Cocytus.
             The game lasted 03:27:26 (59962 turns).

Kallu the Conqueror (Hill Orc Fighter)             Turns: 59962, Time: 03:27:27

HP:   -6/221 (273)  AC: 45    Str: 29 (31) XL:     27
MP:   40/40         EV:  2    Int: 12      God:    Uskayaw [*.....]
Gold: 8859          SH:  0    Dex: 12 (17) Spells: 26/26 levels left

rFire   + . .        b - +7 battleaxe (spect)
rCold   + + +        (shield currently unavailable)
rNeg    + + +        Z - +4 gold dragon scales
rPois   ∞            W - +1 helmet of the Earth {Regen+}
rElec   +            n - +1 cloak of the Turtledove {rF+ rC+ Stlth+}
rCorr   .            N - +2 pair of gloves {Dex+3}
SInv    +            l - +2 pair of boots {Stlth+}
Will    ++...        S - amulet "Suodo" {Acrobat -Cast rElec rF- rC+++} Stlth
                     v - ring of Fobaom {rN+ Str+2 Int+6}
HPRegen 1.36/turn    F - ring of see invisible
MPRegen 0.27/turn

%: no spellcasting, acrobat
@: petrified, marked, studying Spellcasting, heavily drained, unable to drink
A: deterioration 1, dopey 1
}: 6/15 runes: barnacled, slimy, silver, obsidian, abyssal, gossamer
a: Renounce Religion, Stomp


You were on level 4 of Cocytus.
You worshipped Uskayaw.
Uskayaw was exalted by your worship.
You visited 13 branches of the dungeon, and saw 60 of its levels.
You visited the Abyss 4 times.
You also visited: Gauntlet and Ice Cave.

You collected 9473 gold pieces.
You spent 614 gold pieces at shops.

Inventory:

Hand Weapons
 a - a +7 vampiric executioner's axe
 b - a +7 spectral battleaxe (weapon)
 V - the +5 battleaxe of the Stork {distort, rElec rPois rC++}
   (You acquired it on level 3 of the Depths)

   rC:        It greatly protects you from cold.
   rElec:     It insulates you from electricity.
   rPois:     It protects you from poison.
Missiles
 Y - 7 throwing nets (quivered)
Armour
 l - a +2 pair of boots of stealth (worn)
 n - the +1 cloak of the Turtledove (worn) {rF+ rC+ Stlth+}
   (You found it on level 1 of the Depths)

   rF:        It protects you from fire.
   rC:        It protects you from cold.
   Stlth:     It makes you more stealthy.
 N - a +2 pair of gloves of dexterity (worn)
 W - the +1 helmet of the Earth (worn) {Regen+}
   (You found it on level 4 of the Depths)

   Regen:     It increases your rate of health regeneration.
 Z - +4 gold dragon scales (worn)
Jewellery
 f - the ring "Sounecif" {rF+ Will+ Stlth+}
   (You found it on level 2 of the Depths)

   [ring of willpower]

   rF:        It protects you from fire.
   Will:      It increases your willpower.
   Stlth:     It makes you more stealthy.
 g - the ring of Fetuw {rF+ Int+3 Slay+4}
   (You took it off a deep elf sorcerer on level 3 of the Elven Halls)

   [ring of slaying]

   Int:       It affects your intelligence (+3).
   Slay:      It affects your accuracy & damage with ranged weapons and melee
   (+4).
   rF:        It protects you from fire.
 j - a ring of resist corrosion
 s - an amulet of regeneration
 v - the ring of Fobaom (left hand) {rN+ Str+2 Int+6}
   (You found it on level 11 of the Dungeon)

   [ring of intelligence]

   Str:       It affects your strength (+2).
   Int:       It affects your intelligence (+6).
   rN:        It protects you from negative energy.
 F - a ring of see invisible (right hand)
 J - the ring "Basmopt" {rN+ Str-4 Int+6 Slay+6}
   (You found it on level 5 of the Pits of Slime)

   [ring of intelligence]

   Str:       It affects your strength (-4).
   Int:       It affects your intelligence (+6).
   Slay:      It affects your accuracy & damage with ranged weapons and melee
   (+6).
   rN:        It protects you from negative energy.
 S - the amulet "Suodo" (around neck) {Acrobat -Cast rElec rF- rC+++}
   (You found it on level 4 of the Depths)

   [amulet of the acrobat]

   It increases your evasion while moving and waiting.
   rF:        It makes you vulnerable to fire.
   rC:        It renders you almost immune to cold.
   rElec:     It insulates you from electricity.
   -Cast:     It prevents spellcasting.
Wands
 q - a wand of polymorph (14)
 r - a wand of mindburst (52)
 A - a wand of digging (17)
 M - a wand of quicksilver (12)
 Q - a wand of paralysis (27)
 X - a wand of roots (45)
Scrolls
 e - 15 scrolls of magic mapping
 i - 4 scrolls of immolation
 m - 17 scrolls of teleportation
 t - 6 scrolls of fear
 u - a scroll of brand weapon
 w - 2 scrolls of summoning
 x - 12 scrolls of poison
 B - 3 scrolls of fog
 D - a scroll of enchant weapon
 H - 10 scrolls of vulnerability
 P - a scroll of enchant armour
 T - 4 scrolls of silence
Potions
 d - 11 potions of might
 k - 4 potions of invisibility
 o - 11 potions of curing
 p - 16 potions of flight
 z - 6 potions of haste
 C - 13 potions of lignification
 E - 6 potions of berserk rage
 I - 5 potions of cancellation
 K - a potion of heal wounds
 L - 7 potions of resistance
 O - 5 potions of ambrosia
Miscellaneous
 c - a lightning rod (2/4)
 y - the horn of Geryon (inert)
 G - a tin of tremorstones (2/2)
 R - a box of beasts (inert)
 U - a phial of floods (inert)


   Skills:
 O Level 27 Fighting
 O Level 27 Axes
 O Level 27 Armour
 + Level 13.5 Dodging
 - Level 6.0 Stealth
 - Level 3.2 Shields
 O Level 27 Invocations
 + Level 15.7 Evocations


You had 26 spell levels left.
You didn't know any spells.
Your spell library contained the following spells:

 Spells                   Type           Power      Damage    Failure   Level
 Apportation              Tloc           0%         N/A       88%         1
 Freeze                   Ice            0%         1d3       88%         1
 Kiss of Death            Conj/Necr      0%         2d5       88%         1
 Magic Dart               Conj           0%         1d3       88%         1
 Necrotise                Necr           0%         1d4       88%         1
 Sandblast                Erth           0%         2d4       88%         1
 Sting                    Tmut/Pois      0%         1d3       88%         1
 Summon Small Mammal      Summ           0%         N/A       88%         1
 Blink                    Tloc           0%         N/A       95%         2
 Call Imp                 Summ           0%         N/A       95%         2
 Cigotuvi's Dreadful Rot  Necr/Pois/Air  0%         N/A       95%         2
 Lesser Beckoning         Tloc           0%         N/A       95%         2
 Momentum Strike          Conj/Tloc      0%         3d8       95%         2
 Poisonous Vapours        Pois/Air       0%         N/A       95%         2
 Scorch                   Fire           0%         2d5       95%         2
 Static Discharge         Conj/Air       0%         2-2/arc   95%         2
 Sublimation of Blood     Necr           0%         N/A       95%         2
 Wereblood                Tmut           0%         N/A       95%         2
 Call Canine Familiar     Summ           0%         N/A       99%         3
 Confusing Touch          Hex            0%         N/A       99%         3
 Frozen Ramparts          Ice            0%         1d1       99%         3
 Gell's Gravitas          Tloc           0%         N/A       99%         3
 Hailstorm                Conj/Ice       0%         3d3       99%         3
 Inner Flame              Hex/Fire       0%         N/A       99%         3
 Mephitic Cloud           Conj/Pois/Air  0%         N/A       99%         3
 Stone Arrow              Conj/Erth      0%         3d7       99%         3
 Summon Guardian Golem    Hex/Summ       0%         N/A       99%         3
 Teleport Other           Tloc           0%         N/A       99%         3
 Tukima's Dance           Hex            0%         N/A       99%         3
 Vampiric Draining        Necr           0%         2d6       99%         3
 Volatile Blastmotes      Fire/Tloc      0%         2d10      99%         3
 Airstrike                Air            0%         2d(0-16)  100%        4
 Anguish                  Hex/Necr       0%         N/A       100%        4
 Animate Armour           Summ/Erth      0%         N/A       100%        4
 Animate Dead             Necr           0%         N/A       100%        4
 Cause Fear               Hex            0%         N/A       100%        4
 Dispel Undead            Necr           0%         3d6       100%        4
 Flame Wave               Conj/Fire      0%         2d4       100%        4
 Fulminant Prism          Conj/Hex       0%         3d5       100%        4
 Ice Form                 Ice/Tmut       0%         N/A       100%        4
 Iskenderun's Mystic Bla  Conj/Tloc      0%         2d3       100%        4
 Leda's Liquefaction      Hex/Erth       0%         N/A       100%        4
 Manifold Assault         Tloc           0%         N/A       100%        4
 Olgreb's Toxic Radiance  Pois           0%         N/A       100%        4
 Passage of Golubria      Tloc           0%         N/A       100%        4
 Petrify                  Tmut/Erth      0%         N/A       100%        4
 Sticky Flame             Conj/Fire      0%         2d3       100%        4
 Summon Ice Beast         Ice/Summ       0%         N/A       100%        4
 Summon Lightning Spire   Summ/Air       0%         N/A       100%        4
 Agony                    Necr           0%         N/A       100%        5
 Alistair's Intoxication  Tmut/Pois      0%         N/A       100%        5
 Arcjolt                  Conj/Air       0%         1d10      100%        5
 Blade Hands              Tmut           0%         N/A       100%        5
 Borgnjor's Vile Clutch   Necr/Erth      0%         N/A       100%        5
 Fireball                 Conj/Fire      0%         3d3       100%        5
 Freezing Cloud           Conj/Ice/Air   0%         6-21      100%        5
 Irradiate                Conj/Tmut      0%         3d11      100%        5
 Iskenderun's Battlesphe  Conj           0%         2d6       100%        5
 Lee's Rapid Deconstruct  Erth           0%         3d4*      100%        5
 Metabolic Englaciation   Hex/Ice        0%         N/A       100%        5
 Silence                  Hex/Air        0%         N/A       100%        5
 Summon Forest            Summ/Tloc      0%         N/A       100%        5
 Summon Mana Viper        Hex/Summ       0%         N/A       100%        5
 Death Channel            Necr           0%         N/A       100%        6
 Dispersal                Tloc           0%         N/A       100%        6
 Eringya's Noxious Bog    Tmut/Pois      0%         N/A       100%        6
 Iron Shot                Conj/Erth      0%         9d1       100%        6
 Simulacrum               Ice/Necr       0%         N/A       100%        6
 Starburst                Conj/Fire      0%         6d3       100%        6
 Statue Form              Tmut/Erth      0%         N/A       100%        6
 Summon Cactus Giant      Summ           0%         N/A       100%        6
 Dragon Form              Tmut           0%         N/A       100%        7
 Malign Gateway           Summ/Tloc      0%         N/A       100%        7
 Monstrous Menagerie      Summ           0%         N/A       100%        7
 Orb of Destruction       Conj           0%         9d5       100%        7
 Ozocubu's Refrigeration  Ice            0%         4d7       100%        7
 Spellforged Servitor     Conj/Summ      0%         N/A       100%        7
 Storm Form               Tmut/Air       0%         N/A       100%        7
 Summon Hydra             Summ           0%         N/A       100%        7
 Borgnjor's Revivificati  Necr           0%         N/A       100%        8
 Discord                  Hex            0%         N/A       100%        8
 Disjunction              Tloc           0%         N/A       100%        8
 Ignition                 Fire           0%         3d3       100%        8
 Lehudib's Crystal Spear  Conj/Erth      0%         10d2      100%        8
 Maxwell's Capacitive Co  Air            0%         ∞         100%        8
 Summon Horrible Things   Summ           0%         N/A       100%        8
 Death's Door             Necr           0%         N/A       100%        9
 Polar Vortex             Ice            0%         N/A       100%        9
 Shatter                  Erth           0%         3d5*      100%        9


Dungeon Overview and Level Annotations

Branches:
Dungeon (15/15)            Temple (0/1) D:5            Lair (5/5) D:9
 Shoals (4/4) Lair:3       Spider (4/4) Lair:2        Slime (5/5) Lair:5
    Orc (2/2) D:12            Elf (3/3) Orc:2        Vaults (5/5) D:14
  Crypt (0/3) Vaults:3     Depths (4/4) D:15           Hell (visited)
    Dis (1/7) Hell            Geh (7/7) Hell            Coc (4/7) Hell
    Tar (0/7) Hell            Zot (0/5) Depths:4      IceCv (visited)
Gauntlet (visited)

Altars:
Ashenzari
Cheibriados
Dithmenos
Hepliaklqana
Kikubaaqudgha
Qazlal
Sif Muna
Uskayaw
Xom
Beogh
Jiyva
Lugonu

Shops:
D:1 =   D:11 *   Orc:2 :[*(   Elf:1 [   Elf:2 (   Elf:3 [   Shoals:1 [
Shoals:2 (   Shoals:3 [   Vaults:1 *

Portals:
Hell: Depths:1 Depths:2 Depths:3 Depths:4
Abyss: Lair:2 Depths:3
Pandemonium: Depths:2 Depths:3
Ziggurat: Depths:2

Annotations:
Spider:2 2 transporters, Juwufun's ghost, adept MiBe


Innate Abilities, Weirdness & Mutations

Your body sometimes deteriorates upon taking damage.
You are dopey. (Int -2)


Message History

"You should not have come here!"
You feel drained.
There is a gateway leading out of Cocytus here.
You closely miss the shard shrike.
The shard shrike is moderately wounded.
Your +7 spectral battleaxe hits the shard shrike!!!
You hear a shout!
The shard shrike misses your +7 spectral battleaxe.
Aim the phial where?
Press: ? - help, Shift-Dir - straight line, f - shard shrike
Aim: a shard shrike (severely wounded)
The torrent of water hits the shard shrike!!
The shard shrike is almost dead.
The shard shrike is knocked back by the torrent of water.
The shard shrike is engulfed in water.
The wave splashes down.
Your +7 spectral battleaxe disappears.
You hear a shout!
You hear a screech! x2; You hear a howl!
The shard shrike spits a shard of ice at you.
The shard of ice misses you.
Water spirits pour forth from the elemental wellspring!
You are slowing down.
A titan comes into view.
As you read the scroll of fear, it crumbles to dust.
You assume a fearsome visage.
The titan resists with almost no effort.
The nargun is unaffected.
The elemental wellspring is unaffected.
The nagaraja simulacrum is unaffected.
The shard shrike looks frightened!
The water elemental is unaffected. x3; Your limbs have turned to stone.
You have turned to stone.
A caustic shrike simulacrum comes into view. x2
The teleport trap disappears.
The water elemental disappears!
The titan waves its arms in wide circles.
The air twists around and strikes you!
* * * LOW HITPOINT WARNING * * *
A harpy simulacrum comes into view.
A caustic shrike simulacrum comes into view.
A torrent of water rises up through the elemental wellspring!
The torrent of water passes through the water elemental. x2
The torrent of water hits you!!
You die...

≈≈#≈≈≈#≈≈≈≈~~≈≈
≈≈≈≈≈≈≈≈≈≈≈~~≈≈
~≈≈≈≈≈≈≈≈≈≈~~≈≈
......~E~..~~≈≈
......§~~...~≈≈
..^....E.Z.9.~~
.......E......~
...~~~~@......~
≈..~~~~~....≈~~
≈≈.~~~~~.~≈≈≈~.
≈≈.~~~≈~~~.....
≈≈≈Z≈≈≈~.....#.
#≈≈Z≈....#####
ZC≈....###
Z≈...##


You could see a titan, an elemental wellspring, a nargun, 2 water elementals, a
harpy simulacrum, a nagaraja simulacrum and 3 caustic shrike simulacra.

Vanquished Creatures
  Asmodeus (Geh:7)
  the Royal Jelly (Slime:5)
  A dread lich (Hell)
  An ancient lich (Vaults:5)
  A juggernaut (Depths:3)
  Saint Roka (Depths:4)
  Bai Suzhen (Depths:2)
  4 caustic shrikes
  Geryon (Hell)
  Nikola (Elf:2)
  4 golden dragons
  A bone dragon (Depths:4)
  7 Brimstone Fiends
  16 hellephants
  A tainted leviathan (Hell)
  5 tentacled monstrosities
  5 titans
  3 liches
  2 Hell Sentinels (Abyss:3)
  4 deep elf blademasters
  16 searing wretches
  A quicksilver dragon (Depths:4)
  25 acid blobs
  3 deep elf master archers (Elf:3)
  Murray (Hell)
  5 sphinxes
  A walking divine tome (Depths:4)
  Gastronok (D:8)
  5 storm dragons
  7 tengu reavers
  Frances (Shoals:2)
  Kirke (Elf:1)
  The ghost of Usitroal the Severer, a journeyman MiFi of Okawaru (Depths:2)
  5 shadow dragons
  22 fire giants
  Roxanne (Elf:3)
  5 emperor scorpions
  14 azure jellies
  4 iron dragons
  14 rockslimes
  3 narguns
  16 frost giants
  16 vault wardens
  18 balrugs
  6 ghost moths
  9 deep elf sorcerers
  Louise (Depths:3)
  5 orc warlords
  A draconian shifter (Depths:4)
  Aizul (Elf:1)
  The ghost of Kuralita the Martial Artist, a journeyman OpTm of Makhleb (D:15)
  A cacodemon (Abyss:3)
  15 ironbound preservers
  6 reapers
  3 war gargoyles
  6 deep elf elementalists
  A draconian stormcaller (Depths:4)
  12 quicksilver oozes
  A broodmother (Spider:2)
  15 stone giants
  2 green draconians (Depths:4)
  2 spriggan defenders (Depths:3)
  28 very ugly things
  6 ironbound thunderhulks
  The ghost of laros the Severer, a journeyman MiBe of Trog (Elf:3)
  2 vampire knights
  4 putrid mouths (Hell)
  4 elemental wellsprings
  Nessos (D:14)
  3 wendigos
  9 deep elf demonologists
  7 dire elephants
  A yellow draconian (Depths:4)
  12 deep elf annihilators
  A minotaur (Gauntlet)
  3 spark wasps
  An eidolon (Depths:4)
  3 iron golems (Hell)
  5 merfolk impalers
  2 blizzard demons (Hell)
  4 jiangshi
  22 ettins
  A merfolk javelineer (Shoals:4)
  5 deep elf death magi
  18 great orbs of eyes
  6 fire dragons
  A green death (Hell)
  6 deep elf high priests
  15 yaktaur captains
  A crystal guardian (Vaults:2)
  A hell beast (Depths:4)
  15 salamander tyrants
  2 caustic shrike simulacra
  6 entropy weavers
  7 ice dragons
  Erolcha (Orc:1)
  3 catoblepae
  3 ghost crabs (Depths:4)
  8 hydras
  33 vault guards
  2 jorogumos
  6 radroaches
  5 spriggan air magi
  8 centaur warriors
  2 peacekeepers (Vaults:2)
  5 ogre magi
  Erica (D:9)
  8 stokers
  14 two-headed ogres
  A death knight (D:15)
  7 ironbound frosthearts
  3 alligator snapping turtles (Shoals:4)
  27 dancing weapons
  10 boulder beetles
  3 death yaks (Lair:5)
  2 merfolk avatars
  7 tengu warriors
  5 vampire magi
  7 deep troll earth magi
  12 merfolk aquamancers
  8 death scarabs
  2 satyrs (Shoals:4)
  42 hell hogs
  Urug (Lair:3)
  5 deep troll shamans
  A shock serpent (shapeshifter) (Vaults:5)
  4 spriggan berserkers
  Nergalle (Lair:3)
  7 hell knights
  2 soul eaters
  14 deep elf knights
  3 sun demons
  A sixfirhy (Gauntlet)
  A fire crab (Depths:4)
  5 skysharks
  5 wretched stars (Abyss:3)
  12 pharaoh ants
  2 sun moths
  8 iron trolls
  A skeletal warrior (D:14)
  A death drake (Abyss:3)
  2 death drakes (shapeshifter)
  3 glowing orange brains
  57 deep trolls
  A quicksilver dragon simulacrum (Coc:1)
  12 wizards
  A spatial maelstrom (Abyss:3)
  10 orb spiders
  A flayed ghost (Vaults:3)
  An anaconda skeleton (Hell)
  13 sea snakes
  5 steelbarb worms
  16 lindwurms
  15 ironbound convokers
  9 necromancers
  A spectral jorogumo (Spider:4)
  7 deep elf archers
  A harpy (shapeshifter) (Vaults:5)
  6 phantasmal warriors
  A spectral wolf spider (Spider:4)
  16 orc knights
  A wolf spider zombie (D:15)
  A golden dragon skeleton (Depths:4)
  A fenstrider witch simulacrum (Coc:2)
  A lindwurm (shapeshifter) (Vaults:5)
  47 ugly things
  28 deep elf zephyrmancers
  27 harpies
  24 deep elf pyromancers
  19 manticores
  26 wolf spiders
  A human zombie (Vaults:5)
  3 orc sorcerers
  18 starcursed masses (Abyss:3)
  A frost giant zombie (Vaults:5)
  8 cyclopes
  14 fauns
  5 oklob plants (Lair:5)
  4 shining eyes
  A salamander (shapeshifter) (Vaults:5)
  2 manticores (shapeshifter)
  4 moths of wrath (Spider:4)
  A worldbinder (Gauntlet)
  4 black mambas
  An iron dragon skeleton (Depths:4)
  7 merfolk sirens
  11 elephants
  7 rust devils
  11 molten gargoyles
  2 apocalypse crabs (Abyss:3)
  2 guardian serpents (shapeshifter)
  A titan simulacrum (Coc:1)
  A water nymph (shapeshifter) (D:13)
  6 naga magi
  13 smoke demons
  10 demonic crawlers
  5 torpor snails
  13 vault sentinels
  8 cane toads
  5 eyes of devastation
  3 centaur skeletons (D:15)
  A dire elephant skeleton (Hell)
  3 rime drakes
  2 water nymphs (Shoals:4)
  2 orange demons (Abyss:3)
  3 ice statues
  A naga skeleton (Hell)
  4 gargoyles
  10 hellions
  8 komodo dragons
  An efreet (Abyss:3)
  3 spectral redbacks (Spider:4)
  4 sea snake zombies (Hell)
  7 ice devils
  3 bunyip simulacra
  4 tengu conjurers
  8 tormentors
  A yaktaur (shapeshifter) (Elf:1)
  9 freezing wraiths
  5 kobold demonologists
  41 yaktaurs
  2 human skeletons (Vaults:4)
  2 redback zombies (Spider:4)
  6 catoblepas skeletons (Abyss:3)
  A meliai (shapeshifter) (Vaults:5)
  2 red devils
  7 polar bears
  A hydra zombie (Hell)
  An ancient zyme (Abyss:3)
  An iron giant simulacrum (Coc:1)
  18 trolls
  A harpy zombie (Hell)
  2 shadow dragon simulacra
  A tyrant leech (shapeshifter) (Depths:3)
  A queen bee (D:10)
  A spectral jumping spider (Spider:4)
  30 merfolk
  16 tarantellas
  12 large abominations
  8 hornets
  6 meliai (Spider:3)
  Grinder (D:3)
  A spectral culicivora (Spider:4)
  A sphinx simulacrum (Depths:4)
  A hydra skeleton (Hell)
  5 raiju (Abyss:3)
  4 wind drakes
  4 spectral tarantellas (Spider:4)
  Prince Ribbit (D:6)
  11 blink frogs
  A tarantella zombie (Spider:4)
  2 stone giant simulacra (Coc:2)
  2 jumping spider zombies (Spider:4)
  102 slime creatures
  9 snapping turtles
  13 dream sheep
  18 jumping spiders
  A spriggan zombie (Depths:1)
  A meliai zombie (D:15)
  2 air elementals (Elf:1)
  14 water elementals
  3 ynoxinuls (Abyss:3)
  7 shadows
  9 culicivoras
  3 dire elephant simulacra
  13 spriggans
  A spriggan skeleton (Depths:1)
  2 vampires
  3 flying skulls (Gauntlet)
  A centaur simulacrum (Coc:2)
  A wyvern (Lair:4)
  41 yaks
  Grum (D:8)
  5 wraiths
  11 basilisks
  2 fire elementals
  3 golden eyes
  6 hogs
  A basilisk (shapeshifter) (Vaults:5)
  2 steam dragons
  A neqoxec (Abyss:3)
  2 alligator snapping turtle simulacra (Coc:2)
  10 vampire mosquitoes
  2 chaos spawn
  2 death yak simulacra (IceCv)
  52 redbacks
  A spatial vortex (Abyss:3)
  A sea snake simulacrum (Hell)
  A swamp worm (shapeshifter) (Vaults:5)
  4 acid dragons
  9 harpy simulacra
  6 wargs
  12 water moccasins
  A glowing shapeshifter skeleton (Depths:4)
  Duvessa (D:4)
  2 hydra simulacra (Coc:1)
  A sky beast (D:7)
  4 ice beasts
  3 ettin simulacra
  26 orc warriors
  6 black bears
  10 boggarts
  35 wolves
  23 ogres
  5 centaurs
  A phantom (D:6)
  7 kobold brigands
  7 elf zombies
  6 small abominations
  7 bullfrogs
  14 earth elementals
  5 gnoll sergeants
  18 scorpions
  2 two-headed ogre simulacra (IceCv)
  A glowing shapeshifter simulacrum (Depths:4)
  3 wights (D:9)
  Dowan (D:4)
  2 cane toad simulacra (IceCv)
  23 killer bees
  A swamp dragon simulacrum (Coc:1)
  An elephant simulacrum (IceCv)
  2 electric eels (D:12)
  5 howler monkeys
  A vampire bat (Depths:4)
  10 crimson imps (Abyss:3)
  A lava snake (Depths:4)
  A quasit (Abyss:3)
  3 jellies (D:7)
  16 orc priests
  3 hounds
  2 gnoll boudas
  2 iron imps (Abyss:3)
  A sleepcap (D:7)
  Jessica (D:3)
  17 orc wizards
  Natasha (D:4)
  5 iguanas
  7 hell rats (Lair:5)
  2 spriggan simulacra
  5 troll simulacra (IceCv)
  2 polar bear simulacra (IceCv)
  A wolf simulacrum (IceCv)
  22 gnolls
  4 adders
  A naga simulacrum (IceCv)
  6 shadow imps (Abyss:3)
  14 white imps
  5 ufetubi
  2 worms
  9 dart slugs
  97 orcs
  4 ball pythons
  5 bats
  4 endoplasms
  6 giant cockroaches
  12 goblins
  9 hobgoblins
  6 jackals
  4 quokkas
  2 frilled lizards
  36 kobolds
  3 rats
  2 creeping infernos
  24 fire vortices
  2 lurking horrors
2606 creatures vanquished.

Vanquished Creatures (collateral kills)
  A hellion (Coc:3)
1 creature vanquished.

Vanquished Creatures (others)
  2 fire giants (Geh:7)
  A deep troll shaman (Depths:2)
  A water nymph (Shoals:4)
  2 titan simulacra (Coc:2)
  An anaconda simulacrum (Coc:2)
  A human skeleton (Vaults:5)
  A centaur simulacrum (Coc:2)
  A fire elemental (Depths:4)
  An ettin simulacrum (Coc:2)
  A naga simulacrum (Coc:2)
  2 orc wizards
  2 creeping infernos
  5 fire vortices
  A lurking horror (Lair:2)
  59 spectral weapons
81 creatures vanquished.

Grand Total: 2688 creatures vanquished

Notes
Turn   | Place    | Note
-------+----------+-------------------------------------------
     0 | D:1      | Kallu the Hill Orc Fighter began the quest for the Orb.
     0 | D:1      | Reached XP level 1. HP: 19/19 MP: 1/1
    41 | D:1      | Reached XP level 2. HP: 19/26 MP: 2/2
   184 | D:1      | Found Baix's Jewellery Shop.
   331 | D:1      | Reached XP level 3. HP: 31/31 MP: 3/3
   653 | D:2      | Reached skill level 5 in Axes
   831 | D:2      | Found a faded altar of an unknown god.
   900 | D:2      | Prayed at the altar of an unknown god.
   900 | D:2      | Became a worshipper of Uskayaw the Reveller
   900 | D:2      | Reached * piety under Uskayaw
  1103 | D:2      | Found a shimmering blue altar of Sif Muna.
  1197 | D:2      | Reached XP level 4. HP: 37/40 MP: 4/4
  1430 | D:3      | Reached ** piety under Uskayaw
  1584 | D:3      | Reached *** piety under Uskayaw
  1767 | D:3      | Found an ancient bone altar of Kikubaaqudgha.
  1855 | D:3      | Noticed Jessica
  1862 | D:3      | Killed Jessica
  1862 | D:3      | Noticed Grinder
  1863 | D:3      | Reached XP level 5. HP: 40/47 MP: 5/5
  2469 | D:4      | Noticed Dowan
  2469 | D:4      | Noticed Duvessa
  2489 | D:4      | Killed Duvessa
  2490 | D:4      | Reached skill level 5 in Fighting
  2490 | D:4      | Reached XP level 6. HP: 47/56 MP: 2/6
  2492 | D:4      | Killed Dowan
  2592 | D:4      | Noticed Natasha
  2596 | D:4      | Killed Natasha
  2833 | D:4      | Reached XP level 7. HP: 62/62 MP: 7/7
  2835 | D:4      | Reached **** piety under Uskayaw
  2882 | D:4      | Found a broken altar of Ashenzari.
  2886 | D:4      | Saw a vision of the Shoals and the Spider Nest.
  2886 | D:4      | Noticed a wind drake
  2886 | D:4      | Noticed a wind drake
  2886 | D:4      | Noticed a wind drake
  2886 | D:4      | Noticed a merfolk siren
  2886 | D:4      | Noticed a water nymph
  2886 | D:4      | Noticed a skyshark
  2886 | D:4      | Noticed a cyclops
  2886 | D:4      | Noticed a manticore
  2886 | D:4      | Noticed a wolf spider
  2886 | D:4      | Noticed a broodmother
  2886 | D:4      | Noticed a boulder beetle
  2886 | D:4      | Noticed a redback
  2886 | D:4      | Noticed a demonic crawler
  2886 | D:4      | Noticed a culicivora
  2886 | D:4      | Noticed an orb spider
  2886 | D:4      | Noticed a tarantella
  2886 | D:4      | Noticed a redback
  2886 | D:4      | Noticed an orb spider
  2887 | D:4      | Noticed a redback
  2887 | D:4      | Noticed a skyshark
  2887 | D:4      | Noticed an entropy weaver
  2887 | D:4      | Noticed a culicivora
  2887 | D:4      | Noticed a tarantella
  2888 | D:4      | Noticed a demonic crawler
  2890 | D:4      | Noticed an orb spider
  2891 | D:4      | Noticed a demonic crawler
  3336 | D:5      | Entered Level 5 of the Dungeon
  3336 | D:5      | Found a staircase to the Ecumenical Temple.
  3765 | D:5      | Reached skill level 1 in Invocations
  3976 | D:5      | Reached skill level 5 in Armour
  3976 | D:5      | Reached XP level 8. HP: 73/73 MP: 9/9
  4781 | D:3      | Paralysed by Grinder for 5 turns
  4793 | D:3      | Killed Grinder
  4919 | D:6      | Noticed Prince Ribbit
  4928 | D:6      | Noticed a troll
  5489 | D:6      | Found a hazy altar of Hepliaklqana.
  5709 | D:6      | Killed a troll
  5710 | D:6      | Reached skill level 10 in Axes
  5710 | D:6      | Reached XP level 9. HP: 64/82 MP: 10/12
  5796 | D:6      | Found a shimmering altar of Xom.
  6003 | D:6      | You fall into a shaft and drop 1 floor!
  6123 | D:6      | Killed Prince Ribbit
  6240 | D:7      | Reached skill level 5 in Invocations
  6427 | D:7      | Noticed a gargoyle
  6442 | D:7      | Killed a gargoyle
  6443 | D:7      | Reached skill level 10 in Fighting
  7080 | D:8      | Found a hide-covered altar of Uskayaw.
  7180 | D:8      | Noticed Grum
  7187 | D:8      | Reached XP level 10. HP: 84/95 MP: 9/13
  7188 | D:8      | Killed Grum
  7415 | D:8      | Identified the +3 leather armour "Mowuph" {Stlth+}
  7473 | D:8      | Noticed Gastronok
  7513 | D:8      | Killed Gastronok
  7966 | D:9      | Noticed Erica
  7987 | D:9      | Killed Erica
  8363 | D:9      | Reached XP level 11. HP: 102/105 MP: 16/16
  8401 | D:9      | Found a staircase to the Lair.
  8426 | D:9      | Found a shadowy altar of Dithmenos.
  8462 | D:9      | Noticed a two-headed ogre
  8481 | D:9      | Killed a two-headed ogre
  8617 | D:9      | Reached skill level 15 in Axes
  8726 | D:10     | Entered Level 10 of the Dungeon
  8762 | D:10     | Noticed a two-headed ogre
  8790 | D:10     | Killed a two-headed ogre
  9140 | D:10     | Reached ***** piety under Uskayaw
  9523 | Lair:1   | Entered Level 1 of the Lair of Beasts
  9601 | Lair:1   | Found a gate leading to a gauntlet.
  9608 | Gauntlet | Entered a Gauntlet
  9608 | Gauntlet | Noticed a ghost crab
  9608 | Gauntlet | Found a transporter.
  9608 | Gauntlet | Found a transporter.
  9608 | Gauntlet | Found a transporter.
  9609 | Gauntlet | Noticed a worldbinder
  9610 | Gauntlet | Found a transporter.
  9617 | Gauntlet | Noticed a sixfirhy
  9624 | Gauntlet | Found a transporter.
  9630 | Gauntlet | Found a transporter.
  9632 | Gauntlet | Found a transporter.
  9647 | Gauntlet | Found a transporter.
  9649 | Gauntlet | Noticed a reaper
  9667 | Gauntlet | Found a transporter.
  9692 | Gauntlet | Found a transporter.
  9750 | Gauntlet | Found a transporter.
  9760 | Gauntlet | Found a transporter.
  9876 | Gauntlet | Noticed a manticore
  9876 | Gauntlet | Noticed a merfolk aquamancer
  9886 | Gauntlet | Noticed a merfolk aquamancer
  9889 | Gauntlet | Killed a worldbinder
 10034 | Gauntlet | Killed a sixfirhy
 10121 | Gauntlet | Found the +4 skin of Zhor {*Englaciate rC+++ SInv}
 10121 | Gauntlet | Noticed a minotaur
 10146 | Gauntlet | Killed a minotaur
 10449 | Lair:1   | Reached XP level 12. HP: 110/116 MP: 18/18
 10507 | Lair:1   | Noticed a boulder beetle
 10520 | Lair:1   | Killed a boulder beetle
 11521 | Lair:2   | Identified the ring "Xaucuoxe" {rF+ Int+6}
 11539 | Lair:2   | Found a hole to the Spider Nest.
 11670 | Lair:2   | Found a one-way gate to the infinite horrors of the Abyss.
 11720 | Lair:2   | Found a corrupted altar of Lugonu.
 12350 | Lair:3   | Found a staircase to the Shoals.
 12359 | Lair:3   | Noticed an eight-headed hydra
 12366 | Lair:3   | Reached skill level 1 in Dodging
 12384 | Lair:3   | Killed an eight-headed hydra
 12559 | Lair:3   | Reached skill level 10 in Invocations
 12591 | Lair:3   | Noticed Urug
 12612 | Lair:3   | Killed Urug
 12684 | Lair:3   | Reached ****** piety under Uskayaw
 12791 | Lair:3   | Found a frozen archway.
 12855 | IceCv    | Entered an ice cave
 12883 | IceCv    | Reached XP level 13. HP: 125/125 MP: 21/21
 13127 | IceCv    | Reached skill level 15 in Fighting
 13182 | IceCv    | Noticed a reaper
 13213 | IceCv    | Killed a reaper
 13560 | Lair:3   | Noticed Nergalle
 13578 | Lair:3   | Killed Nergalle
 13929 | Lair:4   | You fall into a shaft and drop 1 floor!
 13929 | Lair:5   | Entered Level 5 of the Lair of Beasts
 14308 | Lair:5   | Identified the +1 arbalest "Xipet" {heavy, Str+2}
 14533 | Lair:5   | Reached XP level 14. HP: 118/140 MP: 9/24
 14799 | Lair:5   | Identified the +6 chain mail "Dum Osoh" {rPois}
 14864 | Lair:5   | Found a viscous altar of Jiyva.
 15535 | D:11     | Identified the +2 helmet of the Game Afoot {rPois}
 16146 | D:11     | Identified the ring of Fobaom {rN+ Str+2 Int+6}
 16234 | D:11     | Found Vyohonue's General Store.
 16270 | D:11     | Bought a scroll of identify for 36 gold pieces
 17086 | D:12     | Found a staircase to the Orcish Mines.
 17106 | D:12     | Reached skill level 15 in Invocations
 17656 | D:12     | Found a roughly hewn altar of Beogh.
 18427 | D:13     | Reached skill level 10 in Armour
 19110 | D:14     | Reached XP level 15. HP: 152/152 MP: 13/26
 19269 | D:14     | Noticed Nessos
 19292 | D:14     | Killed Nessos
 19303 | D:14     | Identified the +0 ring mail of Akharo Celai {-Tele rF+++
                  | rN++ MP+9}
 19765 | D:14     | Identified the +8 shortbow of Yxut {heavy, rN+}
 19782 | D:14     | Found a gate to the Vaults.
 20065 | D:12     | Identified a scroll of acquirement
 20065 | D:12     | Acquired a manual of Fighting
 20507 | D:15     | Entered Level 15 of the Dungeon
 20607 | D:15     | Found a broken altar of Ashenzari.
 21166 | D:15     | Found a staircase to the Depths.
 21301 | D:15     | Found a runed translucent gate.
 21301 | D:15     | Found a runed translucent gate.
 21301 | D:15     | Found a runed translucent gate.
 21304 | D:15     | Noticed an acid blob
 21304 | D:15     | Noticed Kuralita's ghost (journeyman OpTm)
 21307 | D:15     | Found a viscous altar of Jiyva.
 21568 | Depths:1 | Entered Level 1 of the Depths
 21590 | Depths:1 | Found a gateway to Hell.
 21649 | Depths:1 | Noticed a deep elf blademaster
 21649 | Depths:1 | Noticed a deep elf blademaster
 21671 | Depths:1 | Killed a deep elf blademaster
 21672 | Depths:1 | Reached XP level 16. HP: 82/170 MP: 20/28
 21678 | Depths:1 | Killed a deep elf blademaster
 21834 | Abyss:3  | Cast into level 3 of the Abyss (a wizard)
 21847 | Abyss:3  | Noticed an Executioner
 21849 | Depths:1 | Escaped the Abyss
 22732 | Depths:1 | Noticed a lich
 22741 | Depths:1 | Killed a lich
 22936 | Depths:1 | Found a stormy altar of Qazlal.
 23279 | Depths:1 | Identified the +1 cloak of the Turtledove {rF+ rC+ Stlth+}
 23745 | Depths:2 | Found a one-way gateway to a ziggurat.
 23863 | Depths:2 | Reached XP level 17. HP: 126/185 MP: 30/30
 24153 | Depths:2 | Found a one-way gate leading to the halls of Pandemonium.
 24577 | Depths:2 | Noticed a juggernaut
 24577 | Depths:2 | Noticed a titan
 24680 | Depths:2 | Found a runed translucent door.
 24680 | Depths:2 | Noticed Usitroal's ghost (journeyman MiFi)
 24865 | Depths:2 | Noticed Bai Suzhen
 24885 | Depths:2 | Killed Bai Suzhen
 25176 | Spider:1 | Entered Level 1 of the Spider Nest
 25208 | Spider:1 | Identified the +10 ring mail of the Gusle {Int+4 Stlth+}
 26535 | Spider:2 | Noticed Juwufun's ghost (adept MiBe)
 26582 | Spider:2 | Found a transporter.
 26586 | Spider:2 | Found a transporter.
 27353 | Spider:3 | Reached XP level 18. HP: 192/199 MP: 31/31
 27789 | Spider:4 | Entered Level 4 of the Spider Nest
 27967 | Spider:4 | Reached skill level 27 in Fighting
 28604 | Spider:4 | Identified the orb of Tomorrow {*channel, Str+2}
 28636 | Spider:4 | Got a gossamer rune of Zot
 29599 | Orc:1    | Entered Level 1 of the Orcish Mines
 29602 | Orc:1    | Noticed Erolcha
 29620 | Orc:1    | Killed Erolcha
 29696 | Orc:1    | Found a shimmering blue altar of Sif Muna.
 29706 | Orc:1    | Found Hizirgh's Antique Armour Shoppe.
 29862 | Orc:2    | Entered Level 2 of the Orcish Mines
 29894 | Orc:2    | Reached skill level 15 in Armour
 29894 | Orc:2    | Reached skill level 1 in Evocations
 29902 | Orc:2    | Found Daulaenyka's Antique Weapon Shop.
 29905 | Orc:2    | Reached XP level 19. HP: 145/207 MP: 33/33
 29906 | Orc:2    | Found Kisach's General Store.
 29919 | Orc:2    | Found Ewauzalu's Antique Armour Shoppe.
 29937 | Orc:2    | Found Amaxumm's Book Boutique.
 30179 | Orc:2    | Found a roughly hewn altar of Beogh.
 30236 | Orc:2    | Found a staircase to the Elven Halls.
 30437 | Elf:1    | Entered Level 1 of the Elven Halls
 30559 | Elf:1    | Noticed Kirke
 30573 | Elf:1    | Killed Kirke
 30655 | Elf:1    | Paralysed by an air elemental for 1 turns
 30676 | Elf:1    | Reached skill level 5 in Dodging
 30961 | Elf:1    | Paralysed by an air elemental for 1 turns
 31115 | Elf:1    | Acquired a +3 heavy executioner's axe
 31132 | Elf:1    | Noticed Aizul
 31151 | Elf:1    | Killed Aizul
 31483 | Elf:1    | Got the Vellum of the Mortuary
 31574 | Elf:1    | Found Nedo Ysu's Antique Armour Shoppe.
 32001 | Shoals:1 | Entered Level 1 of the Shoals
 32015 | Shoals:1 | Found Zeanaite's Armour Boutique.
 32774 | Shoals:2 | Found Nyg Salluunn's Antique Weapon Boutique.
 32808 | Shoals:2 | Reached skill level 5 in Evocations
 32815 | Shoals:2 | Noticed Frances
 33115 | Shoals:2 | Killed Frances
 33170 | Shoals:2 | Identified the ring of Ehef {Drain rF+ Will+ rCorr}
 33706 | Shoals:3 | Found Paoxowur's Armour Shoppe.
 33869 | Shoals:3 | Reached XP level 20. HP: 216/216 MP: 34/34
 34198 | Shoals:4 | Entered Level 4 of the Shoals
 34381 | Shoals:4 | Reached skill level 1 in Stealth
 34778 | Shoals:4 | Got a barnacled rune of Zot
 34861 | Shoals:4 | Identified the staff of conjuration "Gittium" {Int+4}
 35116 | Shoals:4 | Identified the +1 great sword of the Spider {flame, Int+2}
 35195 | Shoals:4 | Got Progressing With Casting
 35546 | Elf:2    | Found a huge runed translucent gate.
 35546 | Elf:2    | Found a huge runed translucent gate.
 35546 | Elf:2    | Found a huge runed translucent gate.
 35550 | Elf:2    | Found a huge runed translucent gate.
 35552 | Elf:2    | Found a huge runed translucent gate.
 35616 | Elf:2    | Found Nioriv's Antique Weapon Shoppe.
 35786 | Abyss:3  | Cast into level 3 of the Abyss (a deep elf demonologist)
 35935 | Elf:2    | Escaped the Abyss
 35990 | Elf:2    | Noticed Nikola
 36009 | Elf:2    | Killed Nikola
 36339 | Elf:2    | Reached skill level 5 in Stealth
 36670 | Elf:2    | Reached XP level 21. HP: 142/224 MP: 35/35
 36922 | Elf:3    | Entered Level 3 of the Elven Halls
 36931 | Elf:3    | Identified the +0 ring mail of the Moon {Contam Rampage
                  | rElec Regen+}
 37123 | Elf:3    | Found Etros's Antique Armour Shop.
 37131 | Elf:3    | Found an ancient bone altar of Kikubaaqudgha.
 37140 | Elf:3    | Bought a pair of runed gloves for 232 gold pieces
 37140 | Elf:3    | Bought a pair of embroidered gloves for 232 gold pieces
 37827 | Elf:3    | Found a runed translucent door.
 37827 | Elf:3    | Noticed laros's ghost (journeyman MiBe)
 37950 | Elf:3    | Noticed Roxanne
 37956 | Elf:3    | Killed Roxanne
 38092 | Elf:3    | Identified the +5 hand axe of Doors {freeze, rC+}
 38092 | Elf:3    | Identified the ring of Fetuw {rF+ Int+3 Slay+4}
 38245 | Abyss:3  | Cast into level 3 of the Abyss (a deep elf sorcerer)
 38280 | Abyss:3  | Found a corrupted altar of Lugonu.
 38407 | Elf:3    | Escaped the Abyss
 38561 | Elf:3    | Identified the staff of cold "Neusoce" {rF+ rC+ SInv}
 38567 | Elf:3    | Got Siyf's Anthology of Blasts
 38655 | Elf:3    | Identified the +1 sling "Gypnywump" {antimagic, Int+4}
 38795 | Elf:3    | Killed laros's ghost
 38807 | Elf:3    | Got the Spellbook of Hexing Command
 39083 | Vaults:1 | Entered Level 1 of the Vaults
 39494 | Vaults:1 | Found Ufedov Micha's Assorted Antiques.
 39502 | Vaults:1 | Bought a scroll of teleportation for 114 gold pieces
 40280 | Vaults:1 | Reached XP level 22. HP: 233/233 MP: 36/36
 41918 | Vaults:3 | Identified the +6 flail of Lelu {flame, Str+2 Int+3}
 42020 | Vaults:3 | Found a staircase to the Crypt.
 42747 | Vaults:3 | Reached skill level 27 in Axes
 43244 | Abyss:3  | Cast into level 3 of the Abyss (a wizard)
 43276 | Abyss:3  | Found a corrupted altar of Lugonu.
 43316 | Abyss:3  | Found a corrupted altar of Lugonu.
 43316 | Abyss:3  | Found a corrupted altar of Lugonu.
 43324 | Abyss:3  | Paralysed by you for 5 turns
 43421 | Abyss:3  | Reached XP level 23. HP: 193/240 MP: 37/37
 43743 | Abyss:3  | Got an abyssal rune of Zot
 43753 | Vaults:4 | Escaped the Abyss
 44794 | Vaults:5 | Entered Level 5 of the Vaults
 44930 | Vaults:5 | Noticed a golden dragon
 44939 | Vaults:5 | Killed a golden dragon
 44997 | Vaults:5 | Reached skill level 10 in Evocations
 45254 | Vaults:5 | Identified the staff of earth "Nulor" {Fly rC+}
 45286 | Vaults:5 | Reached XP level 24. HP: 211/249 MP: 37/37
 45346 | Vaults:5 | Noticed an ancient lich
 45363 | Vaults:5 | Killed an ancient lich
 45599 | Vaults:5 | Identified the +2 sling of Untruth {freeze, Fragile rF+
                  | Str+4}
 45665 | Vaults:5 | Got a silver rune of Zot
 45862 | Vaults:5 | Identified the +1 cloak of the Old and Reckless {Rampage
                  | rN+++ Stlth-}
 46206 | Vaults:5 | Identified the +7 quarterstaff "Ovvoppi" {drain, rElec rF+
                  | Str+5}
 46351 | Vaults:5 | Identified the +1 swamp dragon scales "Ewiuwk" {rPois
                  | Dex+2}
 47737 | Lair:5   | Found a staircase to the Slime Pits.
 47801 | Slime:1  | Entered Level 1 of the Pits of Slime
 48563 | Slime:4  | Gained mutation: Your body sometimes deteriorates upon
                  | taking damage. [a shining eye]
 48644 | Slime:4  | Paralysed by a great orb of eyes for 5 turns
 48664 | Slime:2  | Gained mutation: You are dopey. (Int -2) [a shining eye]
 49133 | Slime:5  | Entered Level 5 of the Pits of Slime
 49242 | Slime:5  | Paralysed by a great orb of eyes for 5 turns
 49256 | Slime:5  | Reached XP level 25. HP: 257/257 MP: 37/37
 49339 | Slime:5  | Noticed the Royal Jelly
 49343 | Slime:5  | Reached skill level 27 in Armour
 49344 | Slime:5  | Killed the Royal Jelly
 49557 | Slime:4  | Paralysed by a great orb of eyes for 3 turns
 49884 | Slime:5  | Got a slimy rune of Zot
 49890 | Slime:5  | Identified the ring "Basmopt" {rN+ Str-4 Int+6 Slay+6}
 50006 | Slime:5  | Identified the staff of fire "Fiph" {+Blink rF+ Int+3
                  | Stlth+}
 50014 | Slime:5  | Identified the +3 trident "Vugoy" {flame, *Slow rN++ Str+4
                  | Dex+2}
 50032 | Slime:5  | Identified the +1 war axe of Benevolence {drain, +Blink}
 50078 | Slime:5  | Identified the +1 short sword "Naepo" {pain, *Rage Drain
                  | +Blink Str+8}
 51056 | D:15     | Killed Kuralita's ghost
 51069 | D:15     | Identified the staff of conjuration "Hyjoash" {rElec Int+3
                  | Dex-3}
 51705 | Depths:2 | Killed Usitroal's ghost
 51707 | Depths:2 | Identified the ring "Sounecif" {rF+ Will+ Stlth+}
 51787 | Depths:3 | Found the +3 giant club "Skullcrusher" {speed, Str+7}
 51832 | Depths:3 | Noticed Louise
 51848 | Depths:3 | Killed Louise
 51972 | Depths:3 | Noticed a juggernaut
 51985 | Depths:3 | Killed a juggernaut
 52019 | Depths:3 | Acquired the +5 battleaxe of the Stork {distort, rElec
                  | rPois rC++}
 52405 | Depths:4 | Entered Level 4 of the Depths
 52500 | Depths:4 | Noticed Saint Roka
 52509 | Depths:4 | Reached skill level 10 in Dodging
 52517 | Depths:4 | Killed Saint Roka
 52732 | Depths:4 | Got the Codex of Imprecation
 52779 | Depths:4 | Reached XP level 26. HP: 261/266 MP: 37/37
 52907 | Depths:4 | Identified the +1 helmet of the Earth {Regen+}
 52963 | Depths:4 | Identified the amulet "Suodo" {Acrobat -Cast rElec rF-
                  | rC+++}
 53187 | Depths:4 | Found a snail-covered altar of Cheibriados.
 53218 | Depths:4 | Found a gate to the Realm of Zot.
 53352 | Depths:4 | Got the Elucidation of Modification
 53469 | Depths:4 | Identified the +2 war axe of Kindness {spect, +Blink rN+
                  | SInv}
 53479 | Depths:4 | Identified the +8 glaive of Hubris {elec, Dex+5}
 53545 | Depths:4 | Got the Almanac of Malevolent Spells
 53631 | Depths:4 | Got the Guide on the Caves
 53793 | Depths:4 | Got Sif Muna's Commentary on the Coals
 53914 | Hell     | Entered the Vestibule of Hell
 53924 | Hell     | Noticed Geryon
 53946 | Hell     | Killed Geryon
 54236 | Hell     | Noticed Murray
 54264 | Hell     | Killed Murray
 54404 | Hell     | Found a gateway to the freezing wastes of Cocytus.
 54431 | Hell     | Found a gateway to the Iron City of Dis.
 54502 | Hell     | Found a gateway to the ashen valley of Gehenna.
 54541 | Hell     | Found a gateway to the decaying netherworld of Tartarus.
 54659 | Coc:1    | Entered Level 1 of Cocytus
 54687 | Coc:1    | Noticed a dread lich
 54701 | Coc:1    | HP: 13/266 [something (11)]
 54704 | Hell     | Paralysed by something for 5 turns
 54852 | Geh:1    | Entered Level 1 of Gehenna
 55855 | Geh:3    | Reached XP level 27. HP: 242/273 MP: 39/39
 56689 | Geh:7    | Entered Level 7 of Gehenna
 56881 | Geh:7    | Reached skill level 27 in Invocations
 57675 | Geh:7    | Found the +13 sceptre of Asmodeus
 57675 | Geh:7    | Noticed Asmodeus
 57716 | Geh:7    | Killed Asmodeus
 57717 | Geh:7    | Reached skill level 15 in Evocations
 57900 | Geh:7    | Got an obsidian rune of Zot
 59062 | Dis:1    | Entered Level 1 of the Iron City of Dis
 59181 | Hell     | Killed a dread lich
 59512 | Coc:2    | Paralysed by a wendigo for 1 turns
 59517 | Coc:2    | Paralysed by a wendigo for 1 turns
 59532 | Coc:2    | Paralysed by a wendigo for 1 turns
 59954 | Coc:3    | HP: 8/258 [nargun (12)]
 59956 | Coc:3    | HP: 3/258 [shard shrike/shard of ice (9)]
 59961 | Coc:4    | HP: 3/221 [titan/the air (7)]
 59962 | Coc:4    | Killed from afar by an elemental wellspring

Illustrated notes

Levels and vault maps discovered:
D:1:      amcnicky_arrival_flooded_fountain, layout_basic, serial_shops, shop,
          minivault_24
D:2:      layout_basic, basic_altar, hellmonk_ecumenical_altar_leap_of_faith
D:3:      layout_loops_ring, mainiacjoe_overflow_concentric_impassable,
          chequers_serial_rivers_small_3, uniq_grinder, uniq_jessica
D:4:      layout_basic, grunt_ashenzari_visionary
          [grunt_ashenzari_visionary_shoals, grunt_ashenzari_visionary_spider],
          uniq_duvessa, uniq_natasha
D:5:      corexii_shantytown, layout_layer_cave,
          minmay_temple_entry_proselytizer
D:6:      layout_basic, mainiacjoe_overflow_paths, brannock_xom_greatest_gift,
          uniq_prince_ribbit1
D:7:      layout_basic
D:8:      layout_cave_pools, eat_drink_and_be_merry_uskayaw, serial_rivers,
          chequers_serial_rivers_small_a, chequers_serial_rivers_micro_c,
          chequers_serial_rivers_micro_a, chequers_serial_rivers_room_b,
          chequers_serial_rivers_small_a, minmay_parallelograms, uniq_grum,
          uniq_gastronok
D:9:      layout_irregular_city, nicolae_dithmenos_the_darkroom,
          erik_lair_orcish_takeover, nicolae_titane, uniq_erica
D:10:     layout_long_grid, minivault_7
D:11:     layout_loops_ring, serial_co_window_serial, co_window_corner_a,
          co_window_paths_a, co_window_corner_a, co_window_of_opportunity_a,
          co_window_paths_b, co_window_corner_ca, co_window_broadway_c,
          co_window_broadway_b, co_window_of_opportunity_b, co_window_paths_d,
          co_window_4corner_a, glass_columns_b, glass_columns_a,
          glass_columns_a, glass_columns_a, serial_shops, shop_statue,
          wad_woods_river_04, hex_tiny
D:12:     layout_basic, kennysheep_orc_monster_closet_entryway, special_room
          [special_room_orc], serial_bayou, serial_bayou_shore_a,
          serial_bayou_pond_a, serial_bayou_pond_c, serial_bayou_pond_a,
          interstate_on_off, kennysheep_generic_room_13
D:13:     layout_irregular_city, lightli_fourway_metalbox
D:14:     layout_roguey, david_vaults_5, uniq_nessos
D:15:     grunt_enter_depths_magical_seal, layout_basic, gammafunk_ghost_ooze,
          ashenzari_altar_1
Lair:1:   layout_concentric_octagons, gauntlet_entry_generic
Lair:2:   layout_roguey, dummy_spider_entry, amcnicky_altar_lugonu_corruption,
          infiniplex_staircase_pool_2
Lair:3:   layout_big_grid, shoals_dummy_entry, portal_ice_cave_rime, uniq_urug,
          uniq_nergalle
Lair:4:   layout_cave_pods, grunt_megastairs_1
Lair:5:   minmay_lair_end_enchanted_forest, layout_cave_shapes,
          minmay_slime_entry_oklob_open
Shoals:1: layout_shoals, serial_shops, nicolae_shop_tiny_waterfront
Shoals:2: layout_shoals, serial_shops, nicolae_stop_n_shop_1,
          nicolae_splish_splash, uniq_frances
Shoals:3: layout_shoals, nicolae_shoals_c_island
Shoals:4: shoals_end_grunt_ice, layout_shoals
Spider:1: layout_chambers
Spider:2: layout_spider_delve, gammafunk_ghost_arena
Spider:3: layout_spider_delve
Spider:4: floodkiller_spider_rune_tomb
Slime:1:  layout_caves, nicolae_slime_barrier,
          cheibrodos_slime_lost_civilization_6
Slime:2:  layout_caves, cheibrodos_slime_lost_civilization_4
Slime:3:  layout_caves
Slime:4:  layout_caves, special_room [special_room_jelly], basic_altar
Slime:5
Orc:1:    layout_diamond_mine, serial_shops, nicolae_shop_stone, led_sif_book,
          uniq_erolcha
Orc:2:    st_orc_open, layout_caves, mines1_david
Elf:1:    layout_geoelf_grid, serial_shops, nicolae_shop_dealshenge,
          minmay_elf_necromancy, grunt_megastairs_4, uniq_aizul, uniq_kirke
Elf:2:    elven_hall_of_blades_hangedman_alternative [grunt_blade_entry_basic],
          layout_loops_ring, serial_shops, shop, evilmike_ambush
          [evilmike_ambush_outer_doors, evilmike_ambush_inner_basic],
          uniq_nikola
Elf:3:    minmay_elf_hall_four_x, layout_geoelf_diagonals, basic_altar,
          serial_shops, nicolae_shop_peninsula, gammafunk_ghost_grave,
          uniq_roxanne
Vaults:1: ontoclasm_vaults_bender, nicolae_vaults_trapezoid_4,
          vaults_room_stairs_pillars, nicolae_vaults_trapezoid_lopsided_4,
          vaults_room_grid, vaults_room_pool, nicolae_vaults_tetromino_Z_2,
          nicolae_vaults_lightning_bolt, nicolae_vaults_little_squares_6,
          nicolae_vaults_trapezoid_lopsided_1, ontoclasm_vaults_spin,
          nicolae_vaults_what_the_h, serial_ice_h, nicolae_vaults_tetromino_L_2,
          nicolae_vaults_double_plus_1, layout_vaults_chaotic_city,
          serial_shops, shop_fountains
Vaults:2: v_pattern_1, nicolae_vaults_wine_cellar, v_rooms_6,
          nicolae_vaults_theta, nicolae_vaults_house_2,
          nicolae_vaults_door_testing_chamber, hangedman_vaults_pinch,
          ontoclasm_vaults_ligature, nicolae_vaults_heist, vaults_dpeg_doors,
          v_misc_22, layout_vaults_big_cross
Vaults:3: ontoclasm_vaults_hangar, nicolae_vaults_two_Ls, vaults_room_boxed,
          nicolae_vaults_mini_display_case, ontoclasm_vaults_shout,
          nicolae_vaults_tetromino_Z_1, nicolae_vaults_trapezoid_lopsided_1,
          nicolae_vaults_cochlea, vaults_dpeg_encased_lava,
          layout_vaults_quadrants
Vaults:4: vaults_room_door_hall, nicolae_vaults_frosty_reception,
          vaults_room_fancy_cross, nicolae_vaults_tangram_1,
          hangedman_vaults_capsules, nicolae_vaults_oval_intersection,
          v_misc_14, vaults_room_fours, nicolae_vaults_tetromino_Z_1,
          nicolae_vaults_closet_pinwheel_4, nicolae_vaults_little_squares_6,
          v_rooms_6, layout_vaults_ring
Vaults:5: serial_shops
Depths:1: grunt_double_whammy, layout_gridlike, minmay_misc_feat_diagonals,
          hell_entry, kennysheep_minor_cross, nicolae_qazlal_general_emergency
Depths:2: grunt_deathspiral_small, layout_cave_pools, ziggurat_fallback,
          grunt_decor_cap, serial_sigils, serial_sigils_hangedman_gut,
          serial_sigils_hangedman_gnaw, serial_sigils_hangedman_snap,
          serial_sigils_hangedman_snap, rand_demon_pan_entry_8,
          gammafunk_ghost_grave, hell_entry, uniq_bai_suzhen
Depths:3: hangedman_arch_fort, layout_cave_pools,
          nicolae_abyss_entry_one_way_or_another, pan_entry, hell_entry
Depths:4: evilmike_zot_entry_diamond, layout_basic, serial_hangedman_research,
          hangedman_research_probablistics, hangedman_research_quantum,
          hangedman_research_pyrotechnics, hangedman_research_geology,
          hangedman_research_thanatology, hangedman_research_metamorphosis,
          grunt_mini_vestibule, grunt_ministairs_1, drop_trap,
          cheibriados_altar_1, uniq_saint_roka, uniq_grunn
Hell
Dis:1:    nicolae_dis_metal_hellway, layout_gridville, nicolae_dis_scattering
Geh:1:    layout_gehenna_lava_caves
Geh:2:    layout_gehenna_pools_triple
Geh:3:    layout_gehenna_pools_triple, nicolae_geh_fourpack
Geh:4:    layout_gehenna_lava_caves
Geh:5:    layout_gehenna_pools_basic
Geh:6:    layout_gehenna_lava_caves
Geh:7:    geh_hangedman
Coc:1:    layout_cocytus_water_paths
Coc:2:    layout_ice_bergs
Coc:3:    layout_cocytus_water_paths
Coc:4:    layout_ice_bergs

Skill      XL: |  1  2  3  4  5  6  7  8  9 10 11 12 13 14 15 16 17 18 19 20 21 22 23 24 25 26 27 |
---------------+----------------------------------------------------------------------------------+-----
Axes           | 3 4 5 6 7 8 10 12 14 17 18 19 20 21 25 27 | 27.0
Fighting       | 4 5 7 8 11 12 13 14 17 19 22 25 26 27 | 27.0
Armour         | 4 5 7 8 10 11 12 15 17 18 21 23 26 27 | 27.0
Invocations    | 1 4 5 7 9 11 14 15 17 18 19 20 21 24 27 | 27.0
Dodging        | 1 4 6 8 10 12 13 | 13.5
Evocations     | 1 5 7 10 12 14 15 | 15.7
Stealth        | 5 6 |  6.0
Shields        | |  3.2

Action                     |  1- 3 |  4- 6 |  7- 9 | 10-12 | 13-15 | 16-18 | 19-21 | 22-24 | 25-27 || total
---------------------------+-------+-------+-------+-------+-------+-------+-------+-------+-------++-------
  Melee: War axe           |    49 |       |       |   125 |   783 |       |       |       |       ||   957
         Hand axe          |    37 |   117 |   350 |   403 |       |       |       |       |       ||   907
         Flail             |       |       |       |    20 |       |       |       |       |       ||    20
         Demon whip        |       |       |       |       |    45 |       |       |       |       ||    45
         Battleaxe         |       |       |       |       |    77 |   665 |   930 |   135 |   654 ||  2461
         Executioner's axe |       |       |       |       |       |       |    50 |   936 |   595 ||  1581
  Throw: Dart              |       |       |       |    16 |       |       |       |       |       ||    16
         Throwing net      |       |       |       |     1 |       |       |       |       |       ||     1
 Invoke: Stomp             |       |     1 |     5 |     6 |    11 |     1 |       |     1 |       ||    25
         Line Pass         |       |       |     1 |    12 |    12 |    11 |    10 |    10 |    11 ||    67
         Grand Finale      |       |       |       |       |     7 |       |     5 |     9 |     8 ||    29
  Evoke: Wand              |       |       |       |     3 |     3 |     4 |     2 |       |     2 ||    14
         Tin of tremorston |       |       |       |       |     2 |       |     1 |       |       ||     3
         Lightning rod     |       |       |       |       |       |     6 |    11 |     7 |     6 ||    30
         Box of beasts     |       |       |       |       |       |       |       |     1 |     1 ||     2
         Phial of floods   |       |       |       |       |       |       |       |       |     2 ||     2
         Horn of Geryon    |       |       |       |       |       |       |       |       |     1 ||     1
    Use: Scroll            |       |       |     8 |    16 |    18 |     6 |    12 |     6 |    16 ||    82
         Potion            |       |       |       |       |     4 |     1 |     1 |     5 |    11 ||    22
   Stab: Paralysed         |       |     1 |     9 |    50 |   112 |    57 |    66 |   226 |   146 ||   667
         Confused          |       |       |       |     2 |     2 |     4 |     7 |     6 |     8 ||    29
         Distracted        |       |       |       |       |     1 |     9 |    13 |       |    20 ||    43
         Petrified         |       |       |       |       |       |       |       |     2 |       ||     2
 Armour: Scale mail        |    60 |       |       |       |       |       |       |       |       ||    60
         Chain mail        |     2 |    38 |    98 |       |       |       |       |       |       ||   138
         Plate armour      |       |       |    37 |   250 |   486 |   491 |   577 |   458 |       ||  2299
         Gold dragon scale |       |       |       |       |       |       |       |   402 |   900 ||  1302
  Dodge: Dodged            |    41 |    40 |    98 |   216 |   369 |   263 |   343 |   485 |   546 ||  2401
  Block: Buckler           |    20 |    22 |    59 |    86 |   131 |       |       |       |       ||   318
